 Dungeon Crawl Stone Soup version 0.28.0-43-g3370ac3207 (webtiles) character file.

Game seed: 4310568923627177354

183 pkoi the Gusty (level 5, 0/38 HPs)
             Began as a Demigod Air Elementalist on Apr 1, 2022.
             Slain by a centaur (1 damage)
             ... on level 4 of the Dungeon.
             The game lasted 00:04:54 (4690 turns).

pkoi the Gusty (Demigod Air Elementalist)           Turns: 4690, Time: 00:04:54

Health: 0/38       AC:  2    Str:  9    XL:     5   Next: 13%
Magic:  9/10       EV: 12    Int: 21    God:
Gold:   197        SH:  0    Dex: 14    Spells: 1/7 levels left

rFire   . . .      SeeInvis .   f - +0 whip
rCold   . . .      Faith    .   (no shield)
rNeg    . . .      Spirit   .   a - +0 robe
rPois   .          Reflect  .   (no helmet)
rElec   .          Harm     .   (no cloak)
rCorr   .          Rampage  .   (no gloves)
Will    .....                   (no boots)
Stlth   ++........              (no amulet)
HPRegen 0.12/turn               (no ring)
MPRegen 0.12/turn               (no ring)

@: no status effects
A: high MP 1, forlorn, divine attributes
a: no special abilities


You were on level 4 of the Dungeon.
You visited 1 branch of the dungeon, and saw 4 of its levels.

You collected 197 gold pieces.

Inventory:

Hand Weapons
 b - a +0 club
 f - a +0 whip (weapon)
Armour
 a - a +0 robe (worn)
 k - a +1 ring mail of poison resistance
Jewellery
 h - a ring of flight
Wands
 j - a wand of polymorph (1)
 m - a wand of mindburst (14)
 n - a wand of flame (22)
Potions
 c - 2 potions of heal wounds {unknown}
 d - 2 potions of magic
 e - a potion of mutation
 g - 2 potions of curing {unknown}
 i - 2 potions of haste {unknown}
 l - a potion of might {unknown}


   Skills:
 - Level 1.7 Dodging
 - Level 1.7 Stealth
 - Level 1.7 Spellcasting
 - Level 0.8 Conjurations
 + Level 5.6 Air Magic


You had one spell level left.
You knew the following spells:

 Your Spells              Type           Power      Damage    Failure   Level
a - Shock                 Conj/Air       60%        1d6       4%          1
b - Static Discharge      Conj/Air       15%        N/A       6%          2
c - Swiftness             Air            25%        N/A       4%          3

Your spell library contained the following spells:

 Spells                   Type           Power      Damage    Failure   Level
 Sandblast                Erth           2%         2d4       16%         1
 Airstrike                Air            12%        N/A       16%         4
 Passwall                 Tmut/Erth      0%         N/A       22%         2
 Stone Arrow              Conj/Erth      6%         3d7       36%         3


Dungeon Overview and Level Annotations

Branches:
Dungeon (4/15)
 Temple: D:4-7


Innate Abilities, Weirdness & Mutations

You have an increased reservoir of magic. (+10% MP)
You shall have no god before yourself.
Your divine heritage dramatically boosts your attributes as you level up.


Message History

Moving in this stuff is going to be slow.
You enter the shallow water.
Moving in this stuff is going to be slow.
You enter the shallow water.
Moving in this stuff is going to be slow.
Found a chain mail.
n - a wand of flame (22)
You see here a hobgoblin corpse.
Things that are here:
a +0 club; a kobold corpse
i - 2 fuming dark potions (gained 1)
Found a chain mail.
A centaur comes into view.
The centaur shouts!
The centaur wields a +4 shortbow.
The centaur shoots an arrow.
The arrow hits you.
The centaur shoots an arrow.
The arrow closely misses you.
A centaur is nearby!
Unknown command.
The centaur shoots an arrow.
The arrow hits you!
* * * LOW HITPOINT WARNING * * *
The centaur shoots an arrow.
The arrow hits you!
* * * LOW HITPOINT WARNING * * *
You start resting.
A centaur is nearby!
The centaur unwields a +4 shortbow.
The centaur closely misses you. x2
The centaur hits you.
* * * LOW HITPOINT WARNING * * *
The centaur kicks you.
* * * LOW HITPOINT WARNING * * *
Aiming: Shock (safe; 4% risk of failure)
Press: ? - help, Q - select action, (/) - cycle Shift-Dir - straight line The zap hits the centaur.
The centaur is lightly wounded.
The zap hits the centaur.
The centaur is moderately wounded.
The centaur hits you.
* * * LOW HITPOINT WARNING * * *
The centaur kicks you but does no damage.
The centaur misses you. The centaur kicks you.
You die...

###8..8.≈≈≈≈≈≈≈≈≈≈≈≈
......≈..≈≈≈≈≈≈≈≈≈≈≈≈≈≈
...≈≈≈..≈≈≈≈≈≈≈≈≈≈≈≈≈≈
≈≈≈≈≈≈..≈≈≈≈≈≈≈...≈≈≈≈
≈≈≈≈≈≈..≈≈≈≈.>)†...#.≈ ≈
≈≈≈≈≈..≈..........### ≈≈
≈≈≈≈8..8..........# ≈≈≈
##8..8.........[# ≈≈≈≈
#.@...#.........# ....
#c....##......#...
#..#####.#.......##..###..
#........##.[.......## #.
##...######.......###
#.... #......## ## ..##...
#......####. ....
8...8###......#... #.#
#...##........#..#


You could see a centaur.

Vanquished Creatures
  Ijyb (D:3)
  6 gnolls
  3 adders
  A worm (D:1)
  3 dart slugs
  3 orcs (D:3)
  4 endoplasms
  3 giant cockroaches
  3 hobgoblins
  3 jackals (D:2)
  5 kobolds
  2 quokkas
  4 ball pythons
  2 bats
  3 frilled lizards (D:1)
  23 rats
69 creatures vanquished.

Notes
Turn   | Place    | Note
-------+----------+-------------------------------------------
     0 | D:1      | pkoi the Demigod Air Elementalist began the quest for the
                  | Orb.
     0 | D:1      | Reached XP level 1. HP: 14/14 MP: 5/5
   185 | D:1      | Reached skill level 3 in Air Magic
   516 | D:1      | Reached XP level 2. HP: 20/20 MP: 0/7
  1657 | D:2      | Reached XP level 3. HP: 26/26 MP: 3/8
  1762 | D:2      | Reached skill level 4 in Air Magic
  1789 | D:2      | Learned a level 2 spell: Static Discharge
  2804 | D:3      | Reached XP level 4. HP: 28/33 MP: 1/9
  3158 | D:3      | Noticed Ijyb
  3172 | D:3      | Reached skill level 5 in Air Magic
  3177 | D:3      | Killed Ijyb
  3576 | D:3      | Learned a level 3 spell: Swiftness
  4103 | D:4      | Reached XP level 5. HP: 4/38 MP: 1/10
  4679 | D:4      | Noticed a centaur
  4690 | D:4      | HP: 1/38 [centaur (5)]
  4690 | D:4      | Slain by a centaur

Illustrated notes

Levels and vault maps discovered:
D:1:      lemuel_arrival_funnel, layout_basic
D:2:      layout_basic, shapermc_ecumenical_altar_mp_vishouse
D:3:      layout_rooms, grunt_decor_fettered, minmay_misc_feat_columns,
          minmay_rat_hole, uniq_ijyb
D:4:      wander_river, layout_rooms, lemuel_tele_altar, grunt_dithmenos_smoke,
          serial_corexii_hall, corexii_hall_statues_l, corexii_hall_statues_i,
          corexii_hall_statues_s, corexii_hall_statues_s, uniq_natasha

Skill      XL: |  1  2  3  4 |
---------------+-------------+-----
Air Magic      | 3 4 5 |  5.6
Dodging        | |  1.7
Stealth        | |  1.7
Spellcasting   | |  1.7
Conjurations   | |  0.8

Action                   |  1- 3 |  4- 6 || total
-------------------------+-------+-------++-------
Melee: Unarmed           |    13 |       ||    13
       Punch             |     1 |       ||     1
       Whip              |     1 |    13 ||    14
 Cast: Shock             |    84 |    59 ||   143
  Use: Scroll            |     5 |       ||     5
Armor: Robe              |     3 |     4 ||     7
Dodge: Dodged            |    17 |    15 ||    32
